 Dungeon Crawl Stone Soup version 0.21-a0-364-gbd1fde4 (webtiles) character file.

387 smirk the Grave Robber (level 6, -1/47 HPs)
             Began as a Mummy Necromancer on Oct 14, 2017.
             Slain by an ogre
             ... wielding a +0 giant club
              (13 damage)
             ... on level 5 of the Dungeon.
             The game lasted 00:13:01 (4662 turns).

smirk the Grave Robber (Mummy Necromancer)          Turns: 4662, Time: 00:13:03

Health: -1/47      AC:  2    Str: 13    XL:     6   Next: 49%
Magic:  9/10       EV: 12    Int: 14    God:
Gold:   172        SH:  0    Dex: 13    Spells: 2/11 levels left

rFire    . . .     SeeInvis .   s - +0 quarterstaff
rCold    + . .     Gourm    .   (shield currently unavailable)
rNeg     + + +     Faith    .   a - +0 robe
rPois    ∞         Spirit   .   (no helmet)
rElec    .         Reflect  .   (no cloak)
rCorr    .         Harm     .   (no gloves)
MR       +....                  (no boots)
Stlth    ++........             h - amulet of regeneration
HPRegen  0.55/turn              t - ring of protection from fire
MPRegen  0.12/turn              x - ring of protection from magic

@: very slightly contaminated
A: no food or potions, fire vulnerability, cold resistance 1, negative energy
resistance 3, torment resistance, unbreathing
a: no special abilities


You were on level 5 of the Dungeon.
You were not hungry.

You visited 1 branch of the dungeon, and saw 5 of its levels.

You collected 172 gold pieces.

Inventory:

Hand Weapons
 d - a +0 club
 j - a +0 spear
 m - a +0 spear
 p - a +0 hunting sling
 s - a +0 quarterstaff (weapon)
Missiles
 e - 147 stones (quivered)
 n - 3 exploding tomahawks
Armour
 a - a +0 robe (worn)
 l - a +0 pair of gloves
Jewellery
 h - an amulet of regeneration (around neck)
 t - a ring of protection from fire (left hand)
 x - a ring of protection from magic (right hand)
Scrolls
 f - a scroll of fog
 g - a scroll of identify
 i - a scroll of remove curse
 k - 4 scrolls of enchant weapon {unknown}
 o - 2 scrolls of teleportation {unknown}
 q - 2 scrolls of recharging {unknown}
 r - a scroll of noise {unknown}
 u - 2 scrolls of random uselessness {unknown}
 v - a scroll of immolation {unknown}
 w - 2 scrolls of amnesia {unknown}
Books
 b - a book of Necromancy

   Spells                             Type                      Level
   a - Pain                           Necromancy                   1
   b - Animate Skeleton               Necromancy                   1
   c - Vampiric Draining              Necromancy                   3
   d - Regeneration                   Charms/Necromancy            3
   e - Animate Dead                   Necromancy                   4
   f - Control Undead                 Necromancy                   4


   Skills:
 + Level 3.4 Fighting
 - Level 1.5 Dodging
 - Level 1.5 Stealth
 - Level 3.0 Spellcasting
 * Level 6.8 Necromancy


You had 2 spell levels left.
You knew the following spells:

 Your Spells              Type           Power        Failure   Level  Hunger
a - Pain                  Necr           ###.         1%          1    N/A
b - Animate Skeleton      Necr           N/A          1%          1    N/A
c - Vampiric Draining     Necr           ###.......   3%          3    N/A
d - Animate Dead          Necr           N/A          13%         4    N/A

Dungeon Overview and Level Annotations

Branches:
Dungeon (5/15)
 Temple: D:4-7

Altars:
Hepliaklqana
Uskayaw
Zin

Portals:
Sewer: D:5


Innate Abilities, Weirdness & Mutations

You do not eat or drink.
Your flesh is vulnerable to fire.
You are immune to poison.
Your flesh is cold resistant. (rC+)
You are immune to negative energy. (rN+++)
You are immune to unholy pain and torment.
You can survive without breathing.


Message History

The ball python closely misses you.
Unknown command.
The ball python barely misses you. The ball python closely misses you.
The worm splashes around in the water.
The hound splashes around in the water.
The phantom blinks!
Unknown command.
The ball python barely misses you. x2; The adder barely misses you.
The ball python bites you but does no damage.
The ball python grabs you.
* * * LOW HITPOINT WARNING * * *
The ball python constricts you.
Unknown command.
You escape the ball python's grasp.
Found 3 fruits.
Found a stone staircase leading down.
Unknown command.
Unknown command.
The adder closely misses you. The hound barely misses you.
Unknown command.
The ogre hits you with a giant club!
You die...

#.#.#≈≈≈≈≈≈≈#.......
#.#.≈≈≈≈≈≈≈≈........
.##....≈≈≈∩≈≈≈......#.
.%.....≈≈≈≈≈≈≈.....###
.....#≈≈w≈≈≈≈#..[.#
#....≈o≈≈≈.......#
#..YS#a.≈#.?.....#
...#####Oh.o.W...?....#
...>...@.SS...........#
...#####.............
######........
##......# #.#### ... ..


You could see a phantom, an ice beast, an ogre, a worm, a hound, a worker ant,
an adder, 2 orcs and 2 ball pythons.

Vanquished Creatures
  A scorpion (D:4)
  An orc priest (D:4)
  A hound (D:4)
  Terence (D:2)
  2 worker ants
  2 gnolls (D:3)
  5 adders
  2 oozes
  2 dart slugs (D:1)
  3 worms
  5 leopard geckos
  12 orcs
  6 giant cockroaches
  13 goblins
  7 hobgoblins
  9 jackals
  3 kobolds
  A quokka (D:3)
  A ball python (D:2)
  8 bats
  2 frilled lizards
  8 rats
95 creatures vanquished.

Vanquished Creatures (collateral kills)
  A gnoll (D:3)
  2 adders
  A leopard gecko (D:1)
  An orc (D:4)
  A hobgoblin (D:2)
  2 jackals (D:4)
  A frilled lizard (D:4)
9 creatures vanquished.

Grand Total: 104 creatures vanquished

Notes
Turn   | Place    | Note
-------+----------+-------------------------------------------
     0 | D:1      | smirk the Mummy Necromancer began the quest for the Orb.
     0 | D:1      | Reached XP level 1. HP: 13/13 MP: 4/4
   180 | D:1      | Reached XP level 2. HP: 19/19 MP: 4/6
   428 | D:1      | Learned a level 1 spell: Animate Skeleton
   824 | D:1      | Reached XP level 3. HP: 25/25 MP: 5/7
   896 | D:1      | Reached skill level 1 in Fighting
  1176 | D:1      | Learned a level 3 spell: Vampiric Draining
  1394 | D:2      | Reached skill level 5 in Necromancy
  1983 | D:2      | Reached XP level 4. HP: 28/32 MP: 5/8
  2306 | D:2      | Learned a level 4 spell: Animate Dead
  2359 | D:2      | Found a hide-covered altar of Uskayaw.
  2467 | D:2      | Noticed Terence
  2509 | D:2      | Killed Terence
  3055 | D:3      | Reached XP level 5. HP: 38/38 MP: 6/9
  3623 | D:3      | Reached skill level 6 in Necromancy
  3786 | D:3      | Found a hazy altar of Hepliaklqana.
  4002 | D:3      | Reached XP level 6. HP: 42/47 MP: 3/10
  4317 | D:4      | Found a glowing silver altar of Zin.
  4629 | D:5      | Entered Level 5 of the Dungeon
  4644 | D:5      | Found a glowing drain.
  4649 | D:5      | Noticed an ice beast
  4662 | D:5      | Slain by an ogre

Vault maps used:
D:1:      onia_arrival_larder, minmay_cupped
D:2:      lemuel_coloured_pillars_altar, uniq_terence
D:3:      old_standard_altar
D:4:      nicolae_overflow_crystal_walls, first_bread
D:5:      marbit_many_paths, cheibrodos_sewer_entry_drain

Skill      XL: |  1  2  3  4  5 |
---------------+----------------+-----
Spellcasting   | 3 |  3.0
Fighting       | 1 2 3 |  3.4
Necromancy     | 5 6 |  6.8
Dodging        | |  1.5
Stealth        | |  1.5

Action                   |  1- 3 |  4- 6 || total
-------------------------+-------+-------++-------
Melee: Unarmed           |     1 |       ||     1
       Club              |    40 |    15 ||    55
       Quarterstaff      |       |    57 ||    57
Throw: Stone             |     1 |       ||     1
 Cast: Pain              |    95 |   103 ||   198
       Animate Skeleton  |     6 |     4 ||    10
       Animate Dead      |       |    15 ||    15
       Vampiric Draining |       |     5 ||     5
  Use: Scroll            |       |     3 ||     3
Armor: Robe              |    29 |    26 ||    55
Dodge: Dodged            |    62 |   121 ||   183

Table legend:
 A = Spawn XP
 B = Non-spawn XP
 C = Spawn XP percentage of total XP
 D = Spawn monster count
 E = Non-spawn monster count
 F = Spawn count percentage of total count
 G = Total turns spent on level
                    A         B        C        D         E        F      G
               +---------+---------+-------+---------+---------+-------+---------
         Total |       0 |     553 |   0.0 |       0 |     104 |   0.0 |  4662
               +---------+---------+-------+---------+---------+-------+---------
           D:1 |       0 |      71 |   0.0 |       0 |      36 |   0.0 |  1393
           D:2 |       0 |      94 |   0.0 |       0 |      23 |   0.0 |  1381
           D:3 |       0 |     170 |   0.0 |       0 |      25 |   0.0 |  1312
           D:4 |       0 |     215 |   0.0 |       0 |      19 |   0.0 |   543
           D:5 |       0 |       3 |   0.0 |       0 |       1 |   0.0 |    33
               +---------+---------+-------+---------+---------+-------+---------
